 Dungeon Crawl Stone Soup version 0.31-a0-702-gf82c85558f (webtiles) character file.

Game seed: 14342883836402034600

72 qw the Shooter (level 4, -1/27 HPs)
             Began as a Gargoyle Hunter on Sept 8, 2023.
             Slain by a goblin
             ... wielding a +0 club
              (2 damage)
             ... on level 2 of the Dungeon.
             The game lasted 00:00:20 (945 turns).

qw the Shooter (Gargoyle Hunter)                     Turns: 945, Time: 00:00:21

Health: -1/27      AC:  6    Str: 14    XL:     4   Next: 26%
Magic:  4/4        EV: 11    Int: 10    God:
Gold:   88         SH:  0    Dex: 15    Spells: 3/3 levels left

rFire   . . .        Y - +0 shortbow
rCold   . . .        (shield currently unavailable)
rNeg    + . .        c - +0 leather armour
rPois   inf          (no helmet)
rElec   +            (no cloak)
rCorr   .            (no gloves)
SInv    .            (no boots)
Will    .....        (no amulet)
Stlth   ++           (no ring)
HPRegen 0.24/turn    (no ring)
MPRegen 0.09/turn

%: no passive effects
@: slowed, very slow
A: sickness immunity, AC +3, negative energy resistance 1, electricity
resistance, torment resistance 1, petrification resistance
a: no special abilities


You were on level 2 of the Dungeon.
You visited 1 branch of the dungeon, and saw 2 of its levels.

You collected 88 gold pieces.


Innate Abilities, Weirdness & Mutations

You are immune to sickness and miasma.
Your stone body is resilient. (AC +3)
You are immune to poison.
You resist negative energy. (rN+)
You are resistant to electric shocks. (rElec)
You are resistant to unholy torment.
You are immune to petrification.


   Skills:
 + Level 2.9 Fighting
 - Level 5.3 Ranged Weapons
 - Level 1.5 Dodging
 - Level 1.1 Stealth


You had 3 spell levels left.
You didn't know any spells.
Your spell library was empty.

Inventory:

Hand Weapons
 Y - a +0 shortbow (weapon)
Armour
 c - a +0 leather armour (worn)
Potions
 a - a potion of heal wounds {unknown}
 f - a potion of lignification {unknown}

Dungeon Overview and Level Annotations

Branches:
Dungeon (2/15)

Altars:


Message History

Natasha yowls pathetically as she dies!
The goblin closely misses you. Terence looks scornfully at you.
Terence hits you but does no damage. The goblin hits you but does no damage.
Your Ranged Weapons skill increases to level 5!
You shoot an arrow. The arrow hits Terence.
Terence is moderately wounded.
The goblin hits you with a +0 club. Terence hits you but does no damage. x2
The goblin barely misses you.
You shoot an arrow. The arrow barely misses Terence.
The goblin hits you with a +0 club.
Terence asks, "Do you want it fast or slow?"
Terence hits you but does no damage.
You shoot an arrow. The arrow hits Terence.
Terence is moderately wounded.
The goblin hits you but does no damage. Terence barely misses you. x2
The goblin hits you but does no damage.
You shoot an arrow. The arrow hits Terence.
Terence is heavily wounded.
The goblin hits you but does no damage. Terence closely misses you.
Terence hits you with a +0 short sword. The goblin hits you with a +0 club.
You shoot an arrow. The arrow hits Terence.
Terence is almost dead.
The goblin misses you. Terence hits you with a +0 short sword.
The goblin closely misses you. Terence misses you.
You shoot an arrow. The arrow hits Terence.
Terence is almost dead.
The goblin barely misses you.
Terence says, "Rest in peace."
Terence barely misses you. Terence completely misses you.
The goblin barely misses you.
You shoot an arrow. The arrow hits Terence.
You kill Terence!
The goblin hits you but does no damage.
You have reached level 4!
You feel clever.
You shoot an arrow. The arrow closely misses the goblin.
The goblin hits you but does no damage. The goblin hits you with a +0 club.
You shoot an arrow. The arrow barely misses the goblin.
The goblin hits you with a +0 club.
You die...

######## #......#
##### #.####.#
....# #....#.#
....# ####.#.#
[...# ##.#.# ....#
#.<#.# ....#
#..####.###g...###
#.......>.@)..)...
#.##########.####.
.. ..# ... .. .


You could see a goblin.

Vanquished Creatures
  Natasha (D:2)
  Terence (D:2)
  4 ball pythons (D:1)
  A bat (D:1)
  A giant cockroach (D:1)
  A goblin (D:1)
  A hobgoblin (D:1)
  8 jackals (D:1)
  A quokka (D:1)
  A frilled lizard (D:1)
  3 kobolds
23 creatures vanquished.

Notes
Turn   | Place    | Note
-------+----------+-------------------------------------------
     0 | D:1      | qw the Gargoyle Hunter began the quest for the Orb.
     0 | D:1      | Reached XP level 1. HP: 12/12 MP: 1/1
     0 | D:1      | 0 ||| qw: Version: 0.3-a-76-g4403597
     0 | D:1      | 0 ||| qw: Game counter: 1193
     0 | D:1      | 0 ||| qw: Melee chars always use a shield: true
     0 | D:1      | 0 ||| qw: God list: Okawaru
     0 | D:1      | 0 ||| qw: Allow faded altars: false
     0 | D:1      | 0 ||| qw: Do Orc after clearing Dungeon:15 true
     0 | D:1      | 0 ||| qw: Do second Lair branch before Depths: true
     0 | D:1      | 0 ||| qw: Lair rune preference: random
     0 | D:1      | 0 ||| qw: Goals: Normal
     0 | D:1      | 0 ||| PLANNING D:1-11
   100 | D:1      | Found a faded altar of an unknown god.
   285 | D:1      | Reached XP level 2. HP: 17/17 MP: 2/2
   860 | D:1      | 860 ||| READING scroll labelled JUEXIO YKLUAMI.
   861 | D:1      | 861 ||| READING scroll labelled UPAAJE ASOER.
   862 | D:1      | 862 ||| DROPPING scroll of butterflies.
   923 | D:2      | Reached XP level 3. HP: 21/21 MP: 3/3
   926 | D:2      | Noticed Terence
   926 | D:2      | Noticed Natasha
   936 | D:2      | Killed Natasha
   937 | D:2      | Reached skill level 5 in Ranged Weapons
   940 | D:2      | HP: 5/21 [goblin/+0 club (1)]
   941 | D:2      | HP: 1/21 [Terence/+0 short sword (5)]
   943 | D:2      | Killed Terence
   944 | D:2      | Reached XP level 4. HP: 2/27 MP: 4/4
   945 | D:2      | Slain by a goblin

Levels and vault maps discovered:
D:1:      dpeg_arrival_boxes_within_box, layout_loops_ring,
          chequers_ecumenical_altar_island, minmay_hedge_maze,
          nicolae_kite_square_tiling_tiny, columned_hall_lemuel
D:2:      layout_basic, corexii_hall_statues_deadend, uniq_natasha,
          uniq_crazy_yiuf_cottage, uniq_terence

Skill      XL: |  1  2  3 |
---------------+----------+-----
Ranged Weapons | 5 |  5.3
Fighting       | |  2.9
Dodging        | |  1.5
Stealth        | |  1.1

Action                     |  1- 3 |  4- 6 || total
---------------------------+-------+-------++-------
   Fire: Shortbow          |    97 |     2 ||    99
    Use: Scroll            |     2 |       ||     2
 Armour: Leather armour    |    56 |     3 ||    59
  Dodge: Dodged            |    52 |       ||    52

Table legend:
 A = Non-vault XP
 B = Vault XP
 C = Vault XP percentage of total XP
 D = Non-vault monster count
 E = Vault monster count
 F = Vault count percentage of total count
                 A         B        C        D         E       F
            +---------+---------+-------+---------+---------+-------
      Total |      37 |      67 |  64.4 |      21 |       2 |   8.7
            +---------+---------+-------+---------+---------+-------
        D:1 |      33 |       0 |   0.0 |      19 |       0 |   0.0
        D:2 |       4 |      67 |  94.4 |       2 |       2 |  50.0
            +---------+---------+-------+---------+---------+-------
